 Dungeon Crawl Stone Soup version 0.30-b1-2-g02819fbbbe (webtiles) character file.

Game seed: 6699062560710749788

72 Alarkh the Shooter (level 4, -2/48 HPs)
             Began as a Demonspawn Hexslinger on July 8, 2023.
             Slain by Sigmund
             ... wielding a +0 scythe
              (8 damage)
             ... on level 2 of the Dungeon.
             The game lasted 00:02:24 (832 turns).

Alarkh the Shooter (Demonspawn Hexslinger)           Turns: 832, Time: 00:02:24

Health: -2/48      AC: 22    Str: 10    XL:     4   Next: 7%
Magic:  5/5        EV:  2    Int: 16    God:
Gold:   56         SH:  0    Dex: 14    Spells: 1/5 levels left

rFire   . . .        a - +1 sling
rCold   . . .        (no shield)
rNeg    . . .        c - melded +0 robe
rPois   +            (helmet currently unavailable)
rElec   .            (cloak currently unavailable)
rCorr   .            (gloves currently unavailable)
SInv    .            (boots currently unavailable)
Will    .....        (no amulet)
Stlth   +            (no ring)
HPRegen 0.28/turn    (no ring)
MPRegen 0.09/turn

%: no passive effects
@: tree-form, attractive, hasted, very quick
A: stationary, stasis, torment immunity, boosted hp, ignite blood 1, powered by
death 1, (weakness stinger 1)
a: no special abilities


You were on level 2 of the Dungeon.
You were a tree.
You visited 1 branch of the dungeon, and saw 2 of its levels.

You collected 56 gold pieces.

Inventory:

Hand Weapons
 a - a +1 sling (weapon)
Missiles
 f - 2 throwing nets
Armour
 c - a +0 robe (melded)
Jewellery
 j - a +6 ring of strength
Scrolls
 b - a scroll of poison
 e - a scroll of fog {unknown}
 h - a scroll of fear {unknown}
 i - a scroll of identify {unknown}
Potions
 l - a potion of cancellation


   Skills:
 - Level 1.0 Fighting
 + Level 4.0 Ranged Weapons
 - Level 1.7 Dodging
 - Level 1.0 Spellcasting
 - Level 3.0 Hexes


You had one spell level left.
You knew the following spells:

 Your Spells              Type           Power      Damage    Failure   Level
a - Slow                  Hex            40%        N/A       7%          1
b - Inner Flame           Hex/Fire       5%         N/A       36%         3

Your spell library contained the following spells:

 Spells                   Type           Power      Damage    Failure   Level
 Portal Projectile        Hex/Tloc       10%        N/A       36%         3
 Cause Fear               Hex            5%         N/A       54%         4


Dungeon Overview and Level Annotations

Branches:
Dungeon (2/15)

Altars:

Shops:
D:1 *[==

Annotations:
D:2 Robin, Sigmund


Innate Abilities, Weirdness & Mutations

You are a tree.
Your roots penetrate the ground, keeping you stationary.
You cannot be teleported.
You are immune to unholy pain and torment.
Your maximum health is greatly increased.
Your equipment is partially melded.
Your demonic aura sometimes causes spilled blood to erupt in flames.
You regenerate a little health from kills.
((You have a small tail.))


Message History

You kill the goblin!
You are too injured to fight recklessly!
A magic dart appears from out of thin air!
The magic dart hits you!
* * * LOW HITPOINT WARNING * * *
It was a potion of cancellation.
You feel magically purged.
It was a potion of lignification.
You turn into a tree.
Your +0 robe melds into your body.
Your roots penetrate the ground.
It was a potion of attraction.
You feel attractive to monsters.
It was a potion of haste.
You feel yourself speed up. Something hits you.
* * * LOW HITPOINT WARNING * * *
You cannot move.
You cannot move.
You are too injured to fight recklessly!
You are too injured to fight recklessly!
Aiming: Slow (safe; 7% risk of failure)
Press: ? - help, Q - select action, (/) - cycle Shift-Dir - straight line, f - you
Okay, then.
Unknown command.
Fire: a) +1 sling
Press: ? - help, Q - select action, (/) - cycle Shift-Dir - straight line You shoot a sling bullet.
Fire: a) +1 sling
Press: ? - help, Q - select action, (/) - cycle Shift-Dir - straight line You shoot a sling bullet.
Something hits you but does no damage.
Fire: a) +1 sling
Press: ? - help, Q - select action, (/) - cycle Shift-Dir - straight line You shoot a sling bullet.
Fire: a) +1 sling
Press: ? - help, Q - select action, (/) - cycle Shift-Dir - straight line You shoot a sling bullet.
You hear some strange, mumbled words.
Something tries to affect you, but you resist.
Fire: a) +1 sling
Press: ? - help, Q - select action, (/) - cycle Shift-Dir - straight line You shoot a sling bullet.
Something hits you!
You die...

####### ......# .. #.#
......# ..# ... ......#
#.#.## #.# # ......# #.#..#
#.## .# ..<...#
#.##.###..##.## #
......###................
............#......##..#
#####
.....###........♣....#.##
#....
.....###.......##{......###
#....
....(.....)......###......#
#...# ...........###...##
#..##.# #..)# ...........#
###..###†.##.# #....
......##...#
#...))g...>###....
.>.....#†..#
##.####...?.......
..(....#...( #...
#....†...... .......####.
#.#)# #..g........


There were no monsters in sight!

Vanquished Creatures
  3 adders (D:2)
  2 dart slugs
  5 endoplasms
  2 giant cockroaches
  5 goblins
  4 hobgoblins
  6 kobolds
  4 quokkas (D:1)
  2 ball pythons
  A bat (D:2)
  A frilled lizard (D:2)
  3 rats
38 creatures vanquished.

Notes
Turn   | Place    | Note
-------+----------+-------------------------------------------
     0 | D:1      | Alarkh the Demonspawn Hexslinger began the quest for the
                  | Orb.
     0 | D:1      | Reached XP level 1. HP: 15/15 MP: 2/2
    45 | D:1      | Reached skill level 2 in Ranged Weapons
   152 | D:1      | Gained mutation: You regenerate a little health from kills.
                  | [demonic ancestry]
   152 | D:1      | Reached XP level 2. HP: 10/21 MP: 3/3
   187 | D:1      | Found Satweunn's Jewellery Shop.
   209 | D:1      | Found Fixton's Jewellery Shoppe.
   300 | D:1      | Found Biproad's Armour Shop.
   311 | D:1      | Reached skill level 3 in Ranged Weapons
   378 | D:1      | Found Sujydoa's Assorted Antiques.
   518 | D:2      | Gained mutation: Your demonic aura sometimes causes spilled
                  | blood to erupt in flames. [demonic ancestry]
   518 | D:2      | Reached XP level 3. HP: 26/26 MP: 4/4
   691 | D:2      | Learned a level 3 spell: Inner Flame
   716 | D:2      | Noticed Sigmund
   730 | D:2      | Noticed Robin
   785 | D:2      | Discovered your monstrous ancestry.
   785 | D:2      | Gained mutation: You have a small tail. [demonic ancestry]
   785 | D:2      | Reached XP level 4. HP: 32/32 MP: 5/5
   813 | D:2      | Reached skill level 4 in Ranged Weapons
   832 | D:2      | Slain by Sigmund

Illustrated notes

Levels and vault maps discovered:
D:1:      evilmike_arrival_home_sweet_home, layout_rooms, serial_shops,
          nicolae_shop_behind_doors, nicolae_shop_stone,
          nicolae_shop_rolling_square, shop, minivault_19
D:2:      layout_rooms, shapermc_ecumenical_altar_flowoftime, minmay_cupped,
          uniq_sigmund, uniq_robin

Skill      XL: |  1  2  3  4 |
---------------+-------------+-----
Ranged Weapons | 2 3 4 |  4.0
Fighting       | |  1.0
Dodging        | |  1.7
Spellcasting   | |  1.0
Hexes          | |  3.0

Action                     |  1- 3 |  4- 6 || total
---------------------------+-------+-------++-------
   Fire: Sling             |   102 |    15 ||   117
    Use: Potion            |     1 |     4 ||     5
 Armour: Robe              |     8 |     1 ||     9
         Skin              |       |     1 ||     1
  Dodge: Dodged            |    28 |     5 ||    33
